 Dungeon Crawl Stone Soup version 0.24-a0-584-g9d6b971 (webtiles) character file.

Game seed: 10311142604378321164, levelgen mode: deterministic

94573 DocClef the Warrior (level 15, -3/129 HPs)
             Began as a Demonspawn Fighter on Sept 5, 2019.
             Was the Champion of Makhleb.
             Killed from afar by a thorn hunter (25 damage)
             ... with a volley of thorns
             ... on level 1 of the Swamp on Sept 6, 2019.
             The game lasted 00:40:07 (23258 turns).

DocClef the Warrior (Demonspawn Fighter)           Turns: 23258, Time: 00:40:08

Health: -3/129     AC: 31    Str: 24    XL:     15   Next: 63%
Magic:  19/19      EV: 12    Int: 13    God:    Makhleb [******]
Gold:   2318       SH:  9    Dex: 14    Spells: 14/14 levels left

rFire    + + .     SeeInvis .   s - +8 long sword "Dalis" {drain, MR+ Int+2}
rCold    + . .     Gourm    +   c - +0 shield
rNeg     . . .     Faith    .   P - +0 chain mail "Puriab" {rF+ Regen+ Str+2 Dex+4} (curse)
rPois    .         Spirit   .   l - +2 helmet
rElec    .         Reflect  .   K - +0 cloak
rCorr    +         Harm     .   x - +0 pair of gloves
MR       ++...                  (no boots)
Stlth    ..........             j - amulet "Zoxomp" {Gourm rF+ Stlth+}
HPRegen  0.71/turn              b - ring of protection from cold
MPRegen  0.16/turn              S - ring of resist corrosion

@: sanguine armour
A: talons 1, clumsy 1, demonic guardian 2, powered by death 2, wild magic 1,
evolution 1, sanguine armour 3
a: Minor Destruction, Lesser Servant of Makhleb, Major Destruction, Greater
Servant of Makhleb, Renounce Religion


You were on level 1 of the Swamp.
You worshipped Makhleb.
Makhleb was exalted by your worship.
You were hungry.

You visited 5 branches of the dungeon, and saw 24 of its levels.
You also visited: Ice Cave.

You collected 2318 gold pieces.

Inventory:

Hand Weapons
 d - a +4 scimitar of flaming
 s - the +8 long sword "Dalis" (weapon) {drain, MR+ Int+2}
   (You found it on level 4 of the Dungeon)

   A truly terrible weapon, it drains the life of those it strikes.
   It affects your intelligence (+2).
   It affects your resistance to hostile enchantments.
 O - a +5 triple sword of flaming
Missiles
 Q - 3 javelins (quivered)
Armour
 c - a +0 shield (worn)
 l - a +2 helmet (worn)
 x - a +0 pair of gloves (worn)
 G - a +0 plate armour
 K - a +0 cloak (worn)
 P - the cursed +0 chain mail "Puriab" (worn) {rF+ Regen+ Str+2 Dex+4}
   (You found it in an ice cave)

   It affects your strength (+2).
   It affects your dexterity (+4).
   It protects you from fire.
   It increases your rate of regeneration.
   It has a curse placed upon it.
Jewellery
 b - a ring of protection from cold (left hand)
 j - the amulet "Zoxomp" (around neck) {Gourm rF+ Stlth+}
   (You found it on level 6 of the Lair of Beasts)

   [amulet of the gourmand]

   It allows you to eat raw meat even when not hungry.
   It protects you from fire.
   It makes you more stealthy.
 u - an uncursed ring of flight
 y - an uncursed amulet of regeneration
 I - an uncursed ring of protection from cold
 N - an uncursed ring of protection from cold
 S - a ring of resist corrosion (right hand)
Wands
 q - a wand of enslavement (21)
 t - a wand of digging (5)
 C - a wand of random effects (65)
 D - a wand of flame (19)
 H - a wand of iceblast (15)
 T - a wand of polymorph (7)
 U - a wand of scattershot (5)
Scrolls
 e - 4 scrolls of blinking
 g - a scroll of enchant weapon
 h - 4 scrolls of noise
 n - 8 scrolls of teleportation
 o - 16 scrolls of identify
 p - 15 scrolls of remove curse
 r - 2 scrolls of fear
 v - 5 scrolls of fog
 B - a scroll of magic mapping
 R - a scroll of amnesia
Potions
 a - 7 potions of lignification
 i - 6 potions of resistance
 k - 5 potions of brilliance
 m - a potion of cancellation
 w - 7 potions of haste
 z - 6 potions of heal wounds
 A - 2 potions of mutation
 E - 2 potions of curing
 F - 5 potions of degeneration
 J - 4 potions of might
 L - a potion of berserk rage
 M - 3 potions of flight
Comestibles
 f - 42 rations


   Skills:
 - Level 15.0 Fighting
 - Level 14.0 Long Blades
   Level 1.7 Maces & Flails
 - Level 13.0 Armour
 - Level 10.2 Dodging
 - Level 2.6 Shields
 - Level 6.1 Invocations


You had 14 spell levels left.
You didn't know any spells.
Your spell library contained the following spells:

 Spells                   Type           Power        Failure   Level  Hunger
 Animate Skeleton         Necr           N/A          100%        1    ##.....
 Beastly Appendage        Tmut           #.....       100%        1    ##.....
 Pain                     Necr           #...         100%        1    ##.....
 Summon Small Mammal      Summ           #...         100%        1    ##.....
 Blink                    Tloc           N/A          100%        2    ###....
 Call Imp                 Summ           #.......     100%        2    ###....
 Shroud of Golubria       Chrm/Tloc      #.....       100%        2    ###....
 Sticks to Snakes         Tmut           #.......     100%        2    ###....
 Sublimation of Blood     Necr           #.........   100%        2    ###....
 Call Canine Familiar     Summ           #.......     100%        3    ####...
 Gell's Gravitas          Tloc           #.........   100%        3    ####...
 Ignite Poison            Fire/Tmut/Pois #.......     100%        3    ####...
 Lesser Beckoning         Tloc           #.........   100%        3    ####...
 Regeneration             Chrm/Necr      #.........   100%        3    ####...
 Spider Form              Tmut/Pois      #.........   100%        3    ####...
 Summon Guardian Golem    Hex/Summ       #.......     100%        3    ####...
 Teleport Other           Tloc           #.......     100%        3    ####...
 Vampiric Draining        Necr           #.........   100%        3    ####...
 Animate Dead             Necr           N/A          100%        4    #####..
 Ice Form                 Ice/Tmut       #.......     100%        4    #####..
 Passage of Golubria      Tloc           N/A          100%        4    #####..
 Petrify                  Tmut/Erth      #.......     100%        4    #####..
 Summon Ice Beast         Ice/Summ       #.......     100%        4    #####..
 Summon Lightning Spire   Summ/Air       #.......     100%        4    #####..
 Alistair's Intoxication  Tmut/Pois      #.......     100%        5    ######.
 Blade Hands              Tmut           #.........   100%        5    ######.
 Irradiate                Conj/Tmut      #.........   100%        5    ######.
 Metabolic Englaciation   Hex/Ice        #.........   100%        5    ######.
 Bolt of Cold             Conj/Ice       #.........   100%        6    #######
 Freezing Cloud           Conj/Ice/Air   #.........   100%        6    #######
 Ozocubu's Refrigeration  Ice            #.........   100%        6    #######
 Simulacrum               Ice/Necr       #.........   100%        6    #######


Dungeon Overview and Level Annotations

Branches:
Dungeon (14/15)            Temple (1/1) D:5            Lair (6/6) D:8
  Swamp (1/4) Lair:3        Snake (0/4) Lair:3        Slime (0/5) Lair:5
    Orc (2/2) D:10            Elf (0/3) Orc:2        Vaults (0/5) D:13
  IceCv (visited)

Altars:
Ashenzari
Cheibriados
Dithmenos
Elyvilon
Gozag
Hepliaklqana
Kikubaaqudgha
Makhleb
Nemelex Xobeh
Okawaru
Qazlal
Ru
Sif Muna
Trog
Uskayaw
Vehumet
Wu Jian
Xom
Yredelemnul
Zin
The Shining One
Beogh

Shops:
D:4 !   D:5 (![[   D:6 *   D:13 [   Orc:2 %[}(

Annotations:
D:10 3 runed translucent doors, ezpacito's ghost, journeyman MiGl
D:14 Nessos
Lair:5 exclusion: 4 oklob plants


Innate Abilities, Weirdness & Mutations

You have sharp toenails.
A demonic guardian rushes to your aid.
You regenerate health from kills.
When seriously injured, your bleeding wounds create very thick armour. (AC +12)
You are clumsy. (Dex -2)
Your spells are a little harder to cast, but a little more powerful.
You evolve.


Message History

The thorn hunter is moderately damaged.
The thorn hunter hits you!!
Your blood congeals into armour.
You block the thorn hunter's attack.
Your orange demon stings the thorn hunter from afar.
You hit the thorn hunter. Your kick misses the thorn hunter.
The thorn hunter is heavily damaged.
The thorn hunter hits you!! The thorn hunter hits you!
Your orange demon stings the thorn hunter from afar.
You hit the thorn hunter. Your kick misses the thorn hunter.
The thorn hunter is heavily damaged.
The thorn hunter fires a volley of thorns at you.
The volley of thorns hits you!!
* * * LOW HITPOINT WARNING * * *
Unknown command.
You slash the thorn hunter! You claw the thorn hunter.
The thorn hunter is severely damaged.
Your orange demon stings the thorn hunter from afar!
The thorn hunter fires a volley of thorns at you.
The volley of thorns hits you!!
You die...

♣♣.≈≈≈≈.≈.≈... ♣♣♣
♣≈.≈≈≈≈..†♣..≈ ♣≈≈♣♣
♣...≈≈≈....†≈≈ ♣≈...
♣≈≈.......≈..≈
♣♣..≈♣♣♣♣♣♣♣♣♣...>..♣♣♣♣
♣....♣≈....♣ ♣.≈≈≈..♣♣♣≈
♣♣.≈≈....≈≈≈♣♣♣≈≈≈§≈≈.≈≈.
♣.≈≈.....≈≈.♣≈....≈≈≈....
♣.≈≈≈..f@........≈......≈
♣.≈≈≈♣♣..≈≈≈≈.≈≈≈..≈≈≈.≈.
♣....≈4.≈≈≈≈≈......≈≈≈..≈
♣♣≈♣≈≈≈≈§≈≈≈≈.≈≈≈≈.≈≈≈..♣
♣..§≈≈...≈♣§♣.≈≈≈≈≈≈.♣♣
≈..≈≈≈≈≈.♣♣♣♣♣♣.≈≈≈≈≈.♣♣♣
..§.≈≈≈≈≈≈♣♣♣ ♣♣.≈≈≈≈≈.♣♣≈
♣♣♣..§≈≈≈≈.≈♣♣♣...≈≈≈≈.§≈.
♣♣..≈≈≈≈..♣♣≈≈≈≈≈≈≈.♣♣..


You could see a thorn hunter and a friendly orange demon.

Vanquished Creatures
  Agnes (D:14)
  A frost giant (IceCv)
  Fannar (Lair:2)
  11 hydras
  Erolcha (D:10)
  A shambling mangrove (Swamp:1)
  2 two-headed ogres
  2 catoblepae
  Erica (D:10)
  3 centaur warriors (D:13)
  2 death yaks
  5 orc high priests (Orc:2)
  Urug (D:13)
  5 spriggans (Swamp:1)
  4 skeletal warriors (D:13)
  An unseen horror (D:12)
  A swamp dragon (Swamp:1)
  An orc knight (Orc:1)
  A lindwurm (Lair:5)
  2 ugly things
  A manticore (D:13)
  12 elephants
  6 black mambas
  A torpor snail (Lair:2)
  Joseph (D:10)
  Maurice (D:11)
  An ice statue (IceCv)
  11 spiny frogs
  5 rime drakes
  5 komodo dragons
  18 polar bears
  4 trolls
  A wolf spider simulacrum (D:13)
  5 hornets
  5 tyrant leeches (Swamp:1)
  3 slime creatures (Swamp:1)
  Prince Ribbit (D:9)
  2 bog bodies (Swamp:1)
  15 blink frogs
  A dream sheep (Lair:6)
  10 hippogriffs
  A wraith (D:13)
  2 vampires
  A basilisk (Lair:5)
  52 yaks
  Grum (D:10)
  A human (D:10)
  A steam dragon (D:8)
  3 wyverns
  5 vampire mosquitoes
  3 nagas (Lair:3)
  7 wargs
  3 swamp worms (Swamp:1)
  8 porcupines
  10 water moccasins
  12 ice beasts
  5 sky beasts
  A swamp drake (Swamp:1)
  A hornet zombie (D:9)
  21 orc warriors
  11 ogres
  A necrophage (D:6)
  5 phantoms
  2 black bears
  67 wolves
  7 centaurs
  11 crocodiles
  2 big kobolds
  20 bullfrogs
  A gnoll sergeant (D:12)
  2 wyvern skeletons (D:13)
  A scorpion (D:4)
  4 killer bees (D:9)
  4 wights (D:13)
  3 howler monkeys
  7 crimson imps
  A centaur zombie (D:9)
  3 bullfrog zombies
  7 jellies
  5 hounds
  31 orc priests
  A bullfrog skeleton (D:9)
  4 centaur skeletons
  4 iguanas
  21 orc wizards
  Natasha (thrice) (D:2)
  10 worker ants
  2 hound skeletons
  4 worker ant zombies
  Robin (D:2)
  12 adders
  8 gnolls
  A shadow imp (D:6)
  6 oozes
  An adder zombie (D:10)
  5 worms
  4 leopard geckos
  89 orcs
  4 ball pythons
  3 giant cockroaches
  20 goblins
  8 hobgoblins
  8 jackals
  16 kobolds
  5 quokkas
  5 bats
  4 frilled lizards
  A jackal skeleton (D:7)
  A jackal zombie (D:7)
  A leopard gecko zombie (D:9)
  2 quokka skeletons (D:4)
  7 rats
750 creatures vanquished.

Vanquished Creatures (collateral kills)
  Rupert (Lair:3)
  Josephine (D:13)
  A shambling mangrove (Swamp:1)
  A hydra (Swamp:1)
  A vault guard (D:13)
  2 death yaks (Lair:6)
  3 orc high priests (Orc:2)
  Sonja (Orc:2)
  A skeletal warrior (D:13)
  An unseen horror (D:13)
  A lindwurm (Lair:6)
  An elephant (Lair:6)
  A centaur zombie (D:13)
  A torpor snail (Lair:6)
  2 spiny frogs
  A komodo dragon (Lair:2)
  A troll (Orc:1)
  5 hornets (Swamp:1)
  A bog body (Lair:3)
  A dream sheep (Lair:6)
  4 blink frogs
  Grinder (D:3)
  A hippogriff (D:10)
  Sigmund (D:4)
  A spriggan (Swamp:1)
  4 wraiths (D:13)
  6 yaks
  A basilisk (Lair:6)
  2 wargs
  A porcupine (Lair:3)
  A water moccasin (Lair:6)
  An orc warrior (Orc:2)
  A swamp drake (Swamp:1)
  5 wolves
  A crocodile (Lair:6)
  A bullfrog (D:14)
  2 killer bees (D:9)
  An orc wizard (D:6)
  3 orc priests (Orc:2)
  11 orcs
  A bat (D:3)
  A hobgoblin (D:3)
  3 kobolds (D:7)
  2 fungi
84 creatures vanquished.

Vanquished Creatures (others)
  A wyvern (D:11)
  An orc warrior (Orc:2)
  A fungus (Lair:6)
  4 plants
7 creatures vanquished.

Grand Total: 841 creatures vanquished

Notes
Turn   | Place    | Note
-------+----------+-------------------------------------------
     0 | D:1      | DocClef the Demonspawn Fighter began the quest for the Orb.
     0 | D:1      | Reached XP level 1. HP: 18/18 MP: 1/1
   139 | D:1      | Gained mutation: When seriously injured, your bleeding
                  | wounds create armour. (AC +12) [demonic ancestry]
   139 | D:1      | Reached XP level 2. HP: 14/24 MP: 2/2
   686 | D:1      | Reached skill level 4 in Fighting
   784 | D:2      | Noticed Natasha
   831 | D:2      | Gained mutation: You have sharp toenails. [demonic
                  | ancestry]
   831 | D:2      | Reached XP level 3. HP: 30/30 MP: 3/3
   951 | D:2      | Killed Natasha
  1023 | D:2      | Reached skill level 5 in Fighting
  1023 | D:2      | Reached XP level 4. HP: 25/39 MP: 4/4
  1088 | D:2      | Noticed Natasha
  1097 | D:2      | Killed Natasha
  1376 | D:2      | Noticed Robin
  1408 | D:2      | Killed Robin
  1709 | D:2      | Found a shimmering blue altar of Sif Muna.
  1796 | D:2      | Noticed Natasha
  1803 | D:2      | Killed Natasha
  1803 | D:2      | Gained mutation: A weak demonic guardian rushes to your
                  | aid. [demonic ancestry]
  1803 | D:2      | Reached XP level 5. HP: 30/46 MP: 5/5
  1930 | D:2      | Found a glowing silver altar of Zin.
  2207 | D:3      | Reached skill level 6 in Fighting
  2338 | D:3      | Noticed Grinder
  2357 | D:3      | Killed Grinder
  2357 | D:3      | Gained mutation: You regenerate a little health from kills.
                  | [demonic ancestry]
  2357 | D:3      | Reached XP level 6. HP: 27/53 MP: 6/6
  2516 | D:3      | Reached skill level 7 in Fighting
  2711 | D:3      | Noticed a hippogriff
  2719 | D:3      | Killed a hippogriff
  3178 | D:3      | Reached skill level 8 in Fighting
  3265 | D:3      | Reached XP level 7. HP: 62/62 MP: 7/7
  3577 | D:4      | Found Buusux's Distillery.
  4015 | D:4      | Got a crystal long sword
  4016 | D:4      | Identified the +8 long sword "Dalis" {drain, MR+ Int+2}
                  | (You found it on level 4 of the Dungeon)
  4100 | D:4      | Noticed Sigmund
  4105 | D:4      | Killed Sigmund
  4663 | D:4      | Reached XP level 8. HP: 69/69 MP: 8/8
  4762 | D:5      | Entered Level 5 of the Dungeon
  4762 | D:5      | Found a staircase to the Ecumenical Temple.
  4771 | Temple   | Entered the Ecumenical Temple
  4912 | Temple   | Became a worshipper of Makhleb the Destroyer
  4975 | D:5      | Found Ecwenu's Distillery.
  4993 | D:5      | Found Iggixog's Antique Armour Emporium.
  5047 | D:5      | Found Fanoiwno's Antique Armour Shop.
  5080 | D:5      | Found an opulent altar of Gozag.
  5086 | D:5      | Found a white marble altar of Elyvilon.
  5086 | D:5      | Found a shattered altar of Ashenzari.
  5088 | D:5      | Found a shimmering altar of Xom.
  5088 | D:5      | Found an ancient bone altar of Kikubaaqudgha.
  5088 | D:5      | Found an ancient bone altar of Kikubaaqudgha.
  5298 | D:5      | Found Agyotet's Weapon Shoppe.
  5341 | D:5      | Reached skill level 5 in Long Blades
  5725 | D:6      | Reached * piety under Makhleb
  5853 | D:6      | Found an iron altar of Okawaru.
  5871 | D:6      | Reached XP level 9. HP: 65/75 MP: 9/9
  5884 | D:6      | Found Idihopt's General Store.
  5902 | D:6      | Reached ** piety under Makhleb
  6573 | D:7      | Found a hazy altar of Hepliaklqana.
  7080 | D:8      | Found a stormy altar of Qazlal.
  7133 | D:8      | Reached skill level 10 in Long Blades
  7202 | D:8      | Found a staircase to the Lair.
  7291 | D:8      | Reached *** piety under Makhleb
  7291 | D:8      | Gained mutation: When seriously injured, your bleeding
                  | wounds create thick armour. (AC +12) [demonic ancestry]
  7291 | D:8      | Reached XP level 10. HP: 82/82 MP: 10/10
  7871 | D:9      | Found an iron altar of Okawaru.
  7872 | D:9      | Found a radiant altar of Vehumet.
  7918 | D:9      | Noticed Prince Ribbit
  7919 | D:9      | Noticed a two-headed ogre
  7925 | D:9      | Killed Prince Ribbit
  7930 | D:9      | Killed a two-headed ogre
  8054 | D:9      | Found a shadowy altar of Dithmenos.
  8249 | D:9      | Reached **** piety under Makhleb
  8517 | D:10     | Entered Level 10 of the Dungeon
  8668 | D:10     | Noticed Erolcha
  8679 | D:10     | Killed Erolcha
  8679 | D:10     | Reached XP level 11. HP: 87/87 MP: 11/11
  8734 | D:10     | Found a runed translucent gate.
  8734 | D:10     | Found a runed translucent gate.
  8737 | D:10     | Found a runed translucent gate.
  8775 | D:10     | Noticed Grum
  8789 | D:10     | Killed Grum
  8789 | D:10     | Reached ***** piety under Makhleb
  8813 | D:10     | Noticed Erica
  8820 | D:10     | Killed Erica
  8835 | D:10     | Noticed ezpacito's ghost (journeyman MiGl)
  8921 | D:10     | Found a staircase to the Orcish Mines.
  8930 | D:10     | Noticed Joseph
  8946 | D:10     | Killed Joseph
  9924 | D:11     | Noticed a green ugly thing
  9940 | D:11     | Killed a green ugly thing
  9943 | D:11     | Reached skill level 5 in Armour
 10009 | D:11     | Noticed Maurice
 10022 | D:11     | Killed Maurice
 10362 | D:11     | Noticed an eight-headed hydra
 10372 | D:11     | Killed a three-headed hydra
 10740 | Lair:1   | Entered Level 1 of the Lair of Beasts
 10765 | D:8      | Reached skill level 1 in Invocations
 11136 | Orc:1    | Entered Level 1 of the Orcish Mines
 11151 | Orc:1    | Found a burning altar of Makhleb.
 11208 | Orc:1    | Noticed an orc knight
 11479 | D:8      | Reached XP level 12. HP: 60/94 MP: 13/15
 11493 | D:8      | Reached skill level 5 in Invocations
 11623 | Lair:1   | Reached ****** piety under Makhleb
 12428 | Lair:2   | Noticed Fannar
 12429 | Lair:2   | Noticed a seven-headed hydra
 12442 | Lair:2   | Killed Fannar
 12444 | Lair:2   | Killed a six-headed hydra
 12655 | Lair:2   | Reached skill level 10 in Armour
 13620 | Lair:3   | Noticed a four-headed hydra
 13633 | Lair:3   | Killed a one-headed hydra
 13646 | Lair:3   | Found a staircase to the Swamp.
 13726 | Lair:3   | Noticed Rupert
 13738 | Lair:3   | Killed Rupert
 13738 | Lair:3   | Gained mutation: When seriously injured, your bleeding
                  | wounds create very thick armour. (AC +12) [demonic
                  | ancestry]
 13738 | Lair:3   | Reached XP level 13. HP: 84/99 MP: 17/17
 14126 | Lair:3   | Found a staircase to the Snake Pit.
 14793 | Lair:4   | Reached skill level 1 in Dodging
 15442 | Lair:5   | Reached skill level 5 in Dodging
 15865 | Lair:5   | Found a staircase to the Slime Pits.
 16594 | Lair:6   | Entered Level 6 of the Lair of Beasts
 16708 | Lair:6   | Got a smoking pewter amulet
 16709 | Lair:6   | Identified the amulet "Zoxomp" {Gourm rF+ Stlth+} (You
                  | found it on level 6 of the Lair of Beasts)
 16947 | Lair:6   | Gained mutation: A demonic guardian rushes to your aid.
                  | [demonic ancestry]
 16947 | Lair:6   | Reached XP level 14. HP: 106/106 MP: 18/18
 18195 | Orc:1    | Reached skill level 10 in Dodging
 18457 | Orc:2    | Entered Level 2 of the Orcish Mines
 18477 | Orc:2    | Noticed Sonja
 18490 | Orc:2    | Killed Sonja
 18490 | Orc:2    | Reached skill level 9 in Fighting
 18581 | Orc:2    | Found a roughly hewn altar of Beogh.
 18665 | Orc:2    | Reached skill level 10 in Fighting
 18869 | Orc:2    | Found Heoneh's Gadget Emporium.
 18869 | Orc:2    | Found Ycwuxt's Weapon Shop.
 18915 | Orc:2    | Found a staircase to the Elven Halls.
 19076 | Orc:2    | Found Yluaxopt's Antique Armour Shop.
 19103 | Orc:2    | Found Connoqigh's Food Emporium.
 19565 | D:12     | Gained mutation: You are clumsy. (Dex -2) [potion of
                  | mutation]
 19565 | D:12     | Gained mutation: You evolve. [potion of mutation]
 19669 | D:12     | Found a frozen archway.
 19710 | IceCv    | Entered an ice cave
 19741 | IceCv    | Reached skill level 11 in Fighting
 20237 | IceCv    | Reached skill level 12 in Fighting
 20268 | IceCv    | Noticed a frost giant
 20294 | IceCv    | Killed a frost giant
 20331 | IceCv    | Got a smelly chain mail
 20342 | IceCv    | Identified the cursed +0 chain mail "Puriab" {rF+ Regen+
                  | Str+2 Dex+4} (You found it in an ice cave)
 20767 | D:12     | Gained mutation: You regenerate health from kills. [demonic
                  | ancestry]
 20767 | D:12     | Reached XP level 15. HP: 122/122 MP: 19/19
 21400 | D:13     | Reached skill level 13 in Fighting
 21553 | D:13     | Found Tipreid's Armour Shop.
 21688 | D:13     | Found a gate to the Vaults.
 21727 | D:13     | Noticed Josephine
 21733 | D:13     | Killed Josephine
 21813 | D:13     | Noticed Urug
 21825 | D:13     | Killed Urug
 22079 | D:14     | Noticed Agnes
 22088 | D:14     | Killed Agnes
 22088 | D:14     | Reached skill level 14 in Fighting
 22291 | D:14     | Noticed Nessos
 22527 | Swamp:1  | Entered Level 1 of the Swamp
 22726 | Swamp:1  | Gained mutation: Your spells are a little harder to cast,
                  | but a little more powerful. [evolution]
 22981 | Swamp:1  | Paralysed by a hornet for 2 turns
 23227 | Swamp:1  | Reached skill level 15 in Fighting
 23247 | Swamp:1  | Noticed a thorn hunter
 23258 | Swamp:1  | Killed from afar by a thorn hunter

Levels and vault maps discovered:
D:1:      minmay_arrival_shoal_huts, layout_basic
D:2:      layout_basic, lemuel_blue_sif_altar, nicolae_overflow_crystal_walls,
          uniq_natasha, uniq_robin
D:3:      layout_basic, first_ration, uniq_grinder
D:4:      minmay_razor_zed, layout_gridville, serial_shops, shop, uniq_sigmund
D:5:      layout_basic, doesnt_xom_only_xom, minmay_temple_entry_trees,
          serial_shops, shop, shop, nicolae_shop_overgrown_old_shop,
          kennysheep_mini
D:6:      layout_cave_pools, serial_glass, glass_columns_a, glass_columns_b,
          glass_columns_a, glass_columns_b, glass_columns_c, glass_columns_a,
          glass_columns_b, glass_columns_a, serial_shops, shop,
          okawaru_metal_pillars_1_2
D:7:      layout_gridville, basic_altar
D:8:      layout_basic, grunt_qazlal_clouds, erik_lair_orcish_takeover,
          hangedman_little_slice_of_home
D:9:      layout_long_grid, grunt_dithmenos_smoke_and_mirrors,
          nicolae_overflow_hidden_temple, uniq_prince_ribbit1
D:10:     layout_layer_cave, erik_orc_4, gammafunk_ghost_icy,
          serial_park_tiny_pond, uniq_erica, uniq_grum, uniq_erolcha,
          uniq_joseph
D:11:     layout_stronghold, hangedman_decor_peaks_small, uniq_maurice
D:12:     layout_irregular_city, portal_ice_cave_entry_ice_beasts
D:13:     layout_basic, david_vaults_5, serial_shops, shop_statue, uniq_urug,
          uniq_josephine
D:14:     layout_rooms, basic_altar, nemelex_xobeh_ov_fountains_minmay,
          uniq_nessos, uniq_frances, uniq_agnes
Temple:   dshaligram_water_room_temple
Lair:1:   layout_chaotic_city, chequers_serial_rivers_room_a, st_stairs_6,
          grunt_forest_large_clearings
Lair:2:   layout_small_grid, minivault_11, uniq_fannar
Lair:3:   layout_loops_ring, skrybe_swamp_entry_bodies,
          minmay_snake_entry_guardpost_small, serial_bayou_lagoon_a,
          serial_bayou_shore_a, uniq_rupert
Lair:4:   layout_gridlike, lookout_lair_type, grunt_megastairs_1,
          lemuel_fruit_tree
Lair:5:   layout_small_grid, slime_dummy, st_stairs_9, grunt_megastairs_5,
          minmay_lair_oklob_chamber
Lair:6:   hangedman_lair_in_review, layout_cave_pods
Swamp:1:  layout_basic_swamp, evilmike_swamp_ruin_house_4
Orc:1:    layout_caves, bloody_makhleb
Orc:2:    st_orc_town, layout_caves, uniq_sonja

Skill      XL: |  1  2  3  4  5  6  7  8  9 10 11 12 13 14 15 |
---------------+----------------------------------------------+-----
Fighting       | 4 5 6 8 12 15 | 15.0
Long Blades    | 4 7 10 13 14 | 14.0
Armour         | 7 11 13 | 13.0
Invocations    | 4 6 |  6.1
Dodging        | 8 10 | 10.2
Maces & Flails | |  1.7
Shields        | |  2.6

Action                   |  1- 3 |  4- 6 |  7- 9 | 10-12 | 13-15 || total
-------------------------+-------+-------+-------+-------+-------++-------
Melee: Flail             |   112 |   175 |    34 |       |       ||   321
       Kick              |     6 |    46 |    73 |   199 |   543 ||   867
       Long sword        |       |       |   202 |   703 |  1444 ||  2349
       Scimitar          |       |       |       |    13 |    40 ||    53
       Triple sword      |       |       |       |       |     3 ||     3
Throw: Javelin           |       |       |       |       |     1 ||     1
Invok: Minor Destruction |       |       |       |       |     1 ||     1
Evoke: Wand              |       |       |       |     1 |       ||     1
  Use: Potion            |       |       |     1 |     3 |     2 ||     6
       Scroll            |       |       |       |       |    30 ||    30
 Stab: Distracted        |       |     1 |     1 |    11 |     3 ||    16
  Eat: Chunk             |       |     8 |     9 |    17 |    27 ||    61
       Ration            |       |       |     1 |     1 |     2 ||     4
Armor: Scale mail        |    57 |    78 |   100 |    16 |       ||   251
       Plate armour      |       |       |       |   436 |   739 ||  1175
       Skin              |       |       |       |    22 |       ||    22
       Chain mail        |       |       |       |       |   220 ||   220
Dodge: Dodged            |    37 |    59 |    79 |   113 |   544 ||   832
Block: Shield            |    52 |    94 |   115 |   335 |   663 ||  1259
       Rpst.: Long sword |       |       |    16 |    33 |   134 ||   183
       Scimitar          |       |       |       |     1 |     2 ||     3

Table legend:
 A = Non-vault XP
 B = Vault XP
 C = Vault XP percentage of total XP
 D = Non-vault monster count
 E = Vault monster count
 F = Vault count percentage of total count
                 A         B        C        D         E       F
            +---------+---------+-------+---------+---------+-------
      Total |   80833 |   54272 |  40.2 |     569 |     265 |  31.8
            +---------+---------+-------+---------+---------+-------
        D:1 |      35 |       0 |   0.0 |      20 |       0 |   0.0
        D:2 |     118 |      74 |  38.5 |      22 |      14 |  38.9
        D:3 |     370 |     188 |  33.7 |      32 |       1 |   3.0
        D:4 |     259 |     387 |  59.9 |       9 |      10 |  52.6
        D:5 |     390 |       0 |   0.0 |      20 |       0 |   0.0
        D:6 |    1552 |       0 |   0.0 |      27 |       0 |   0.0
        D:7 |     466 |      40 |   7.9 |      12 |       1 |   7.7
        D:8 |    2087 |    3097 |  59.7 |      24 |      36 |  60.0
        D:9 |    2440 |     268 |   9.9 |      30 |       1 |   3.2
       D:10 |    2670 |    3661 |  57.8 |      28 |      25 |  47.2
       D:11 |    4666 |     445 |   8.7 |      31 |       1 |   3.1
       D:12 |    3754 |    1047 |  21.8 |      19 |       8 |  29.6
       D:13 |    9969 |    5660 |  36.2 |      35 |      14 |  28.6
       D:14 |      50 |    1565 |  96.9 |       1 |       1 |  50.0
     Lair:1 |    1546 |    1142 |  42.5 |      11 |      10 |  47.6
     Lair:2 |    6864 |    1005 |  12.8 |      33 |       1 |   2.9
     Lair:3 |    6468 |    3641 |  36.0 |      19 |       5 |  20.8
     Lair:4 |    7796 |     970 |  11.1 |      27 |       2 |   6.9
     Lair:5 |    3139 |    1754 |  35.8 |      17 |       4 |  19.0
     Lair:6 |    8183 |    9313 |  53.2 |      32 |      21 |  39.6
    Swamp:1 |   12859 |       0 |   0.0 |      41 |       0 |   0.0
      Orc:1 |    3400 |       0 |   0.0 |      45 |       0 |   0.0
      Orc:2 |    1752 |    7806 |  81.7 |      34 |      54 |  61.4
      IceCv |       0 |   12209 | 100.0 |       0 |      56 | 100.0
            +---------+---------+-------+---------+---------+-------
